 Dungeon Crawl Stone Soup version 0.29-a0-847-g24c0ca63c9 (webtiles) character file.

Game seed: 17872964551255440656

659 Garessta the Shield-Bearer (level 7, -1/47 (60) HPs)
             Began as a Gnoll Wanderer on July 16, 2022.
             Was an Initiate of Ashenzari.
             Slain by Duvessa
             ... wielding a +2 rapier of draining
              (7 damage)
             ... on level 4 of the Dungeon.
             The game lasted 00:13:02 (4194 turns).

Garessta the Shield-Bearer (Gnoll Wanderer)         Turns: 4194, Time: 00:13:03

HP:   -1/47 (60)    AC:  7    Str: 15    XL:     7   Next: 55%
MP:   0/11          EV: 12    Int:  9    God:    Ashenzari [......]
Gold: 342           SH:  6    Dex: 15    Spells: 11/11 levels left

rFire   . . .      SeeInvis .   b - +0 dagger (venom)
rCold   . . .      Faith    .   d - +0 buckler
rNeg    . . .      Spirit   +   f - +0 leather armour
rPois   +          Reflect  .   (no helmet)
rElec   .          Harm     .   v - +0 cloak
rCorr   .          Rampage  .   k - +2 pair of gloves of the Pit {+Inv rPois Regen+ Str+3}
Will    .....                   (no boots)
Stlth   +++.......              c - amulet of guardian spirit
HPRegen 0.95/turn               i - ring of flight
MPRegen 0.12/turn               y - ring of poison resistance

@: flying, heavily drained
A: fangs 1, strong nose, distributed training
a: Renounce Religion, Evoke Invisibility


You were on level 4 of the Dungeon.
You worshipped Ashenzari.
Ashenzari was noncommittal.
You visited 1 branch of the dungeon, and saw 4 of its levels.

You collected 342 gold pieces.

Inventory:

Hand Weapons
 a - a +2 dagger
 b - a +0 dagger of venom (weapon)
Missiles
 g - 34 stones
 q - 11 poisoned darts (quivered)
 r - 2 javelins
 s - a boomerang
Armour
 d - a +0 buckler (worn)
 f - a +0 leather armour (worn)
 k - the +2 pair of gloves of the Pit (worn) {+Inv rPois Regen+ Str+3}
   (You found it on level 3 of the Dungeon)

   Str:       It affects your strength (+3).
   rPois:     It protects you from poison.
   +Inv:      It lets you turn invisible.
   Regen:     It increases your rate of health regeneration.
 v - a +0 cloak (worn)
Jewellery
 c - an amulet of guardian spirit (around neck)
 i - a ring of flight (left hand)
 y - a ring of poison resistance (right hand)
Wands
 o - a wand of flame (21)
Scrolls
 h - 2 scrolls of fog {unknown}
 j - a scroll of vulnerability {unknown}
 l - a scroll of poison {unknown}
 m - 2 scrolls of amnesia {unknown}
 n - 3 scrolls of identify {unknown}
 p - 3 scrolls of teleportation {unknown}
 w - a scroll of enchant armour {unknown}
 x - a scroll of immolation {unknown}
 A - 3 scrolls of torment {unknown}
Potions
 e - 3 potions of curing
 u - a potion of haste


   Skills:
 + Level 7.1 Fighting
 + Level 2.6 Short Blades
 + Level 2.6 Long Blades
 + Level 2.6 Axes
 + Level 3.7 Maces & Flails
 + Level 2.6 Polearms
 + Level 2.6 Staves
 + Level 2.6 Ranged Weapons
 + Level 2.6 Throwing
 + Level 2.6 Armour
 + Level 2.6 Dodging
 + Level 6.6 Stealth
 + Level 7.1 Shields
 + Level 2.6 Unarmed Combat
 + Level 2.6 Spellcasting
 + Level 2.1 Conjurations
 + Level 2.1 Hexes
 + Level 2.1 Summonings
 + Level 2.1 Necromancy
 + Level 2.1 Translocations
 + Level 2.1 Transmutations
 + Level 2.1 Fire Magic
 + Level 2.1 Ice Magic
 + Level 2.1 Air Magic
 + Level 2.1 Earth Magic
 + Level 2.1 Poison Magic
 + Level 3.0 Invocations
 + Level 2.6 Evocations


You had 11 spell levels left.
You didn't know any spells.
Your spell library contained the following spells:

 Spells                   Type           Power      Damage    Failure   Level
 Beastly Appendage        Tmut           10%        N/A       21%         1
 Wereblood                Tmut           5%         N/A       30%         2
 Spider Form              Tmut/Pois      5%         N/A       52%         3


Dungeon Overview and Level Annotations

Branches:
Dungeon (4/15)
 Temple: D:4-7

Altars:
Ashenzari
Elyvilon
Gozag
Xom

Annotations:
D:2 Sigmund
D:4 Duvessa


Innate Abilities, Weirdness & Mutations

You have very sharp teeth.
Your uncanny sense of smell can sniff out nearby items.
Your experience applies equally to all skills.


Message History

Your magical effects are unravelling.
You feel magically purged. You block Duvessa's attack.
Duvessa barely misses you.
You hit Duvessa.
Duvessa is poisoned.
Duvessa is lightly wounded.
You block Duvessa's attack.
You hit Duvessa but do no damage.
Duvessa looks as sick as possible!
Duvessa is lightly wounded.
Duvessa hits you with a +2 rapier of draining.
You feel drained.
Duvessa hits you with a +2 rapier of draining.
You feel drained.
You hit Duvessa but do no damage.
Duvessa looks as sick as possible!
You bite Duvessa, but do no damage.
Duvessa is lightly wounded.
Duvessa hits you with a +2 rapier of draining!
You feel drained. Duvessa attacks as you move away!
Duvessa hits you but does no damage.
You feel drained.
You hit Duvessa.
Duvessa looks as sick as possible!
Duvessa is moderately wounded.
Duvessa hits you with a +2 rapier of draining.
You feel drained.
Duvessa hits you with a +2 rapier of draining!
You feel drained.
You hit Duvessa but do no damage.
Duvessa looks as sick as possible!
Duvessa is moderately wounded.
Duvessa barely misses you.
You hit Duvessa but do no damage.
Duvessa looks as sick as possible!
Your bite misses Duvessa.
Duvessa is moderately wounded.
Duvessa barely misses you.
You hit Duvessa but do no damage.
Duvessa looks as sick as possible!
Your bite misses Duvessa.
Duvessa is moderately wounded.
Duvessa closely misses you.
Duvessa hits you with a +2 rapier of draining!!
* * * LOW HITPOINT WARNING * * *
You feel drained.
You die...

#...........#
#.########..#
#.# #⌠8⌠#..#
#.# +...#..#
#.# #...#..#
+...#..#
#..)#..#
#.#####e##..#
#.......@..##
############


You could see Duvessa (berserk, extremely poisoned).

Vanquished Creatures
  The ghost of EnegeticOcto the Chiller, an amateur OpIE (D:3)
  An ice beast (D:3)
  An ogre (D:4)
  Dowan (D:4)
  A jelly (D:4)
  Natasha (thrice) (D:3)
  A gnoll (D:1)
  12 adders
  3 dart slugs (D:2)
  3 orcs (D:3)
  6 endoplasms
  3 giant cockroaches
  6 goblins
  9 hobgoblins
  7 jackals (D:1)
  9 kobolds
  4 quokkas
  3 ball pythons
  5 bats
  6 frilled lizards
  5 rats
90 creatures vanquished.

Notes
Turn   | Place    | Note
-------+----------+-------------------------------------------
     0 | D:1      | Garessta the Gnoll Wanderer began the quest for the Orb.
     0 | D:1      | Garessta set off with the following items: a +2 dagger, a
                  | scroll of fear, a +0 mace, a +0 buckler, a potion of
                  | curing, a +0 leather armour.
     0 | D:1      | Reached XP level 1. HP: 23/23 MP: 1/1
   200 | D:1      | Reached XP level 2. HP: 29/29 MP: 2/2
   419 | D:1      | Reached XP level 3. HP: 35/35 MP: 3/3
   467 | D:1      | You fall into a shaft and drop 1 floor!
   484 | D:2      | Noticed Sigmund
   653 | D:1      | Reached skill level 1 in Invocations
  1059 | D:1      | Reached skill level 1 in Short Blades
  1059 | D:1      | Reached skill level 1 in Long Blades
  1059 | D:1      | Reached skill level 1 in Axes
  1059 | D:1      | Reached skill level 1 in Polearms
  1059 | D:1      | Reached skill level 1 in Staves
  1059 | D:1      | Reached skill level 1 in Ranged Weapons
  1059 | D:1      | Reached skill level 1 in Throwing
  1059 | D:1      | Reached skill level 1 in Armour
  1059 | D:1      | Reached skill level 1 in Dodging
  1059 | D:1      | Reached skill level 1 in Unarmed Combat
  1059 | D:1      | Reached skill level 1 in Spellcasting
  1059 | D:1      | Reached skill level 1 in Evocations
  1292 | D:2      | Reached XP level 4. HP: 41/41 MP: 5/5
  1420 | D:2      | Found a faded altar of an unknown god.
  1421 | D:2      | Noticed a floating eye
  1422 | D:2      | Noticed an eye of devastation
  1423 | D:2      | Noticed a shining eye
  1423 | D:2      | Noticed a golden eye
  1530 | D:2      | Reached skill level 1 in Conjurations
  1530 | D:2      | Reached skill level 1 in Hexes
  1530 | D:2      | Reached skill level 1 in Summonings
  1530 | D:2      | Reached skill level 1 in Necromancy
  1530 | D:2      | Reached skill level 1 in Translocations
  1530 | D:2      | Reached skill level 1 in Transmutations
  1530 | D:2      | Reached skill level 1 in Fire Magic
  1530 | D:2      | Reached skill level 1 in Ice Magic
  1530 | D:2      | Reached skill level 1 in Air Magic
  1530 | D:2      | Reached skill level 1 in Earth Magic
  1530 | D:2      | Reached skill level 1 in Poison Magic
  2162 | D:3      | Found a shimmering altar of Xom.
  2345 | D:3      | Reached XP level 5. HP: 47/47 MP: 5/7
  2376 | D:3      | Found a white marble altar of Elyvilon.
  2393 | D:3      | Became a worshipper of Elyvilon the Healer
  2867 | D:3      | Found a runed translucent gate.
  2868 | D:3      | Found a runed translucent gate.
  2869 | D:3      | Found an opulent altar of Gozag.
  2869 | D:3      | Found a runed translucent gate.
  2870 | D:3      | Noticed EnegeticOcto's ghost (amateur OpIE)
  2890 | D:3      | Noticed an ice beast
  3175 | D:3      | Noticed Natasha
  3182 | D:3      | Killed Natasha
  3245 | D:3      | Reached XP level 6. HP: 53/53 MP: 8/8
  3296 | D:3      | Noticed Natasha
  3306 | D:3      | Killed Natasha
  3553 | D:3      | Killed an ice beast
  3584 | D:3      | Killed EnegeticOcto's ghost
  3585 | D:3      | Reached XP level 7. HP: 6/60 MP: 1/10
  3898 | D:3      | Identified the +2 pair of gloves of the Pit {+Inv rPois
                  | Regen+ Str+3}
  3957 | D:4      | Found a broken altar of Ashenzari.
  4004 | D:3      | Noticed Natasha
  4016 | D:3      | Killed Natasha
  4089 | D:4      | Fell from the grace of Elyvilon
  4089 | D:4      | Became a worshipper of Ashenzari the Shackled
  4182 | D:4      | Noticed Duvessa
  4182 | D:4      | Noticed Dowan
  4184 | D:4      | Killed Dowan
  4194 | D:4      | Slain by Duvessa

Illustrated notes

Levels and vault maps discovered:
D:1:      scummos_arrival_forest, layout_loops_ring
D:2:      layout_loops_ring, hellmonk_ecumenical_altar_watching_god,
          uniq_sigmund
D:3:      layout_basic, nicolae_elyvilon_peaceful_grove, amcnicky_altar_gilded,
          ebering_ghost_gozag, corner_web_ring, saegor_snake_ambush,
          uniq_natasha
D:4:      dreamdust_elfheim, layout_basic, nicolae_ashenzari_skybound,
          overflow_temple_1_default, uniq_eustachio

Skill      XL: |  1  2  3  4  5  6  7 |
---------------+----------------------+-----
Stealth        | 6 |  6.6
Invocations    | 1 2 3 |  3.0
Short Blades   | 1 2 |  2.6
Long Blades    | 1 2 |  2.6
Axes           | 1 2 |  2.6
Polearms       | 1 2 |  2.6
Staves         | 1 2 |  2.6
Ranged Weapons | 1 2 |  2.6
Throwing       | 1 2 |  2.6
Armour         | 1 2 |  2.6
Dodging        | 1 2 |  2.6
Unarmed Combat | 1 2 |  2.6
Spellcasting   | 1 2 |  2.6
Evocations     | 1 2 |  2.6
Conjurations   | 1 2 |  2.1
Hexes          | 1 2 |  2.1
Summonings     | 1 2 |  2.1
Necromancy     | 1 2 |  2.1
Translocations | 1 2 |  2.1
Transmutations | 1 2 |  2.1
Fire Magic     | 1 2 |  2.1
Ice Magic      | 1 2 |  2.1
Air Magic      | 1 2 |  2.1
Earth Magic    | 1 2 |  2.1
Poison Magic   | 1 2 |  2.1
Maces & Flails | 3 |  3.7
Fighting       | 7 |  7.1
Shields        | 7 |  7.1

Action                   |  1- 3 |  4- 6 |  7- 9 || total
-------------------------+-------+-------+-------++-------
Melee: Dagger            |   106 |   130 |    21 ||   257
       Bite              |    11 |     8 |     3 ||    22
Throw: Javelin           |       |     2 |       ||     2
Evoke: Wand              |       |     7 |       ||     7
  Use: Potion            |       |     3 |     2 ||     5
       Scroll            |       |     1 |       ||     1
 Stab: Sleeping          |    12 |    15 |     4 ||    31
       Invisible         |       |     1 |       ||     1
       Distracted        |       |       |     1 ||     1
Armor: Leather armour    |    18 |    15 |     1 ||    34
       Skin              |       |     4 |       ||     4
Dodge: Dodged            |    45 |    46 |     5 ||    96
Block: Buckler           |    27 |    32 |     4 ||    63

Table legend: (Time is in decaauts)
 A = Elapsed time spent in this place.
 B = Non-inter-level travel time spent in this place.
 C = Inter-level travel time spent in this place.
 D = Time resting spent in this place.
 E = Time spent auto-exploring this place.
 F = Levels seen in this place.
 G = Mean time per level.
                   A        B        C        D        E       F      G
               +--------+--------+--------+--------+--------+-----+--------+
         Total |   4165 |   3952 |    213 |    810 |   2243 |   4 | 1041.2 |
       Dungeon |   4165 |   3952 |    213 |    810 |   2243 |   4 | 1041.2 |
               +--------+--------+--------+--------+--------+-----+--------+

Top non-repeatable levels by time:
     D:3: 1867 daAuts
     D:1: 1319 daAuts
     D:2: 830 daAuts
     D:4: 148 daAuts
